 Dungeon Crawl Stone Soup version 0.28-a0-1206-g193881aaa2 (webtiles) character file.

Game seed: 731751188236470452

1138 cameronblades the Twirler (level 8, -7/60 HPs)
             Began as a Human Wanderer on Dec 20, 2021.
             Was an Initiate of Makhleb.
             Mangled by an iguana (10 damage)
             ... on level 5 of the Dungeon.
             The game lasted 00:18:06 (3897 turns).

cameronblades the Twirler (Human Wanderer)          Turns: 3897, Time: 00:18:07

Health: -7/60      AC: 13    Str: 13    XL:     8   Next: 63%
Magic:  9/11       EV: 10    Int: 11    God:    Makhleb [......]
Gold:   203        SH:  0    Dex: 16    Spells: 5/11 levels left

rFire   + . .      SeeInvis .   a - +2 quarterstaff (protect)
rCold   . . .      Faith    .   (shield currently unavailable)
rNeg    . . .      Spirit   .   m - +0 ring mail
rPois   .          Reflect  .   (no helmet)
rElec   .          Harm     .   (no cloak)
rCorr   .          Rampage  .   i - +0 pair of gloves
Will    .....                   (no boots)
Stlth   +.........              (no amulet)
HPRegen 0.20/turn               r - ring of protection from fire
MPRegen 0.12/turn               (no ring)

@: under a protective aura
A: no striking features
a: Renounce Religion


You were on level 5 of the Dungeon.
You worshipped Makhleb.
Makhleb was noncommittal.
You visited 1 branch of the dungeon, and saw 6 of its levels.

You collected 203 gold pieces.

Inventory:

Hand Weapons
 a - a +2 quarterstaff of protection (weapon)
 h - a +0 short sword of venom
Armour
 c - a +0 scale mail
 i - a +0 pair of gloves (worn)
 m - a +0 ring mail (worn)
 o - a +0 leather armour
Jewellery
 e - a ring of fire
 r - a ring of protection from fire (left hand)
Wands
 s - a wand of digging (9)
Scrolls
 f - a scroll of immolation
 g - 3 scrolls of teleportation
 k - a scroll of amnesia
 p - a scroll of vulnerability {unknown}
 q - a scroll of fear {unknown}
Potions
 b - a potion of attraction
 d - 2 potions of heal wounds
 j - a potion of flight {unknown}
 l - a potion of haste
 n - 2 potions of curing


   Skills:
 + Level 3.9 Fighting
 - Level 0.4 Short Blades
 - Level 1.5(5.0) Polearms
 + Level 7.6(7.7) Staves
 - Level 3.0 Armour
 - Level 0.2 Dodging
 - Level 1.0 Stealth
 - Level 2.0 Spellcasting
 + Level 1.4 Necromancy
 * Level 0.8 Transmutations
 - Level 3.1 Air Magic
 * Level 3.2 Poison Magic
 * Level 1.9 Invocations


You had 5 spell levels left.
You knew the following spells:

 Your Spells              Type           Power      Damage    Failure   Level
a - Poisonous Vapours     Pois/Air       16%        N/A       26%         2
b - Animate Skeleton      Necr           8%         N/A       32%         1
c - Spider Form           Tmut/Pois      5%         N/A       61%         3

Your spell library contained the following spells:

 Spells                   Type           Power      Damage    Failure   Level
 Corpse Rot               Necr/Air       12%        N/A       34%         2
 Apportation              Tloc           2%         N/A       52%         1
 Summon Small Mammal      Summ           4%         N/A       52%         1
 Ensorcelled Hibernation  Hex/Ice        2%         N/A       65%         2


Dungeon Overview and Level Annotations

Branches:
Dungeon (6/15)
 Temple: D:4-7

Altars:
Makhleb
Trog

Annotations:
D:3 1 transporter


Message History

The two-headed ogre hits you with a +0 dire flail!!
You sock the two-headed ogre!
Your weapon exudes an aura of protection.
The two-headed ogre is lightly wounded.
The two-headed ogre hits you with a +0 giant club!!
* * * LOW HITPOINT WARNING * * *
The two-headed ogre closely misses you. The two-headed ogre closely misses you.
The two-headed ogre hits you with a +0 dire flail!
* * * LOW HITPOINT WARNING * * *
There is an open door here.
There is a stone staircase leading up here.
You climb upwards.
The water moccasin skeleton bites you.
* * * LOW HITPOINT WARNING * * *
The water moccasin skeleton bites you but does no damage.
Found 19 poisoned darts.
There is a stone staircase leading down here.
Casting: Animate Skeleton (safe; 32% risk of failure)
Confirm with . or Enter, or press ? or * to list all spells.
Aiming: Poisonous Vapours (dangerous; 26% risk of failure)
Press: ? - help, Dir - move target, f - iguana
Aim: an iguana Poisonous vapours surround the iguana!
The iguana is poisoned.
The water moccasin skeleton bites you.
* * * LOW HITPOINT WARNING * * *
The iguana barely misses you.
You sock the iguana!
Your weapon exudes an aura of protection.
The iguana is severely wounded.
The ufetubus hits you.
* * * LOW HITPOINT WARNING * * *
The ufetubus completely misses you.
The water moccasin skeleton closely misses you.
The iguana closely misses you.
You barely miss the iguana.
The iguana is severely wounded.
The ufetubus hits you but does no damage. x2
The water moccasin skeleton bites you but does no damage.
The iguana bites you!
You die...

#.......## # ####...## # #**#####
*###** # [,,,* ###**#..,,* ##* #
#**,# ##..##(.##,##***#.#* # #
*.# ##........#...,,*,#.#*#
###.###**##..........###*,,**#.##
.......,,.......Z.......,,** ##..
....#*****,#....@5..#,***,,**#.#.
..### *,#....l...#,* *,*,#.#..
.## #............#**,*#.*##. ##
#..............,,*#** ## #
#.#........#.##*** # #
#.##..##..##.###** # ##
*.####*#...,...,,* ## .## *.####
#..##..#*,# ##. ..## ##....#
#..##..##.# ##..


You could see an iguana (poisoned), an ufetubus and a water moccasin skeleton.

Vanquished Creatures
  2 ice beasts
  An ogre (D:5)
  3 necrophages
  A centaur (D:4)
  2 phantoms
  A scorpion (D:5)
  3 hounds
  A jelly (D:5)
  2 iguanas
  3 gnolls (D:4)
  5 adders
  A shadow imp (D:3)
  A white imp (D:5)
  An ufetubus (D:5)
  A worm (D:2)
  A dart slug (D:4)
  5 orcs
  5 endoplasms
  2 giant cockroaches (D:1)
  5 goblins
  2 hobgoblins
  3 jackals (D:1)
  2 kobolds (D:2)
  4 quokkas
  4 ball pythons
  6 bats
  2 frilled lizards
  4 rats
73 creatures vanquished.

Vanquished Creatures (others)
  15 plants (D:4)
15 creatures vanquished.

Grand Total: 88 creatures vanquished

Notes
Turn   | Place    | Note
-------+----------+-------------------------------------------
     0 | D:1      | cameronblades the Human Wanderer began the quest for the
                  | Orb.
     0 | D:1      | cameronblades set off with the following items: a +2
                  | quarterstaff, a potion of attraction, a +0 scale mail
     0 | D:1      | Reached XP level 1. HP: 13/13 MP: 2/2
   102 | D:1      | Reached XP level 2. HP: 18/20 MP: 3/3
   198 | D:1      | Reached skill level 1 in Fighting
   314 | D:2      | Reached XP level 3. HP: 12/26 MP: 4/4
   486 | D:2      | Found a bloodstained altar of Trog.
   521 | D:2      | Learned a level 2 spell: Poisonous Vapours
   552 | D:2      | Learned a level 1 spell: Animate Skeleton
   955 | D:3      | Found a transporter.
  1053 | D:3      | Reached XP level 4. HP: 30/33 MP: 6/6
  1152 | D:3      | Reached skill level 1 in Air Magic
  1223 | D:3      | Reached skill level 1 in Necromancy
  1223 | D:3      | Reached skill level 1 in Poison Magic
  1223 | D:3      | Reached XP level 5. HP: 27/38 MP: 8/8
  1249 | D:4      | Noticed a centaur
  1478 | D:4      | Killed a centaur
  1479 | D:4      | Reached skill level 1 in Polearms
  1777 | D:3      | Reached XP level 6. HP: 30/46 MP: 9/9
  2162 | D:4      | HP: 2/46 [phantom (2)]
  2164 | D:4      | Reached XP level 7. HP: 2/51 MP: 10/10
  2481 | D:5      | Entered Level 5 of the Dungeon
  2525 | D:5      | Reached skill level 6 in Staves
  3181 | D:5      | Found a burning altar of Makhleb.
  3195 | D:5      | Became a worshipper of Makhleb the Destroyer
  3234 | D:5      | Reached XP level 8. HP: 39/58 MP: 11/11
  3363 | D:5      | Reached skill level 7 in Staves
  3363 | D:5      | Reached skill level 1 in Invocations
  3615 | D:6      | Learned a level 3 spell: Spider Form
  3872 | D:6      | Noticed a two-headed ogre
  3896 | D:5      | HP: 3/60 [ufetubus (1)]
  3897 | D:5      | Mangled by an iguana

Illustrated notes

Levels and vault maps discovered:
D:1:      shiori_arrival_oz, layout_basic, chequers_ecumenical_altar_simple,
          st_stairs_2, minmay_liquid_box
D:2:      layout_basic, basic_altar, grunt_decor_one_mirror,
          kennysheep_generic_room_3
D:3:      gammafunk_steamed_eel, layout_basic, nicolae_overflow_crystal_walls,
          gup_sewer_entry_spiral, kennysheep_generic_room_16
D:4:      layout_basic, nicolae_grassy_gnolls
D:5:      layout_loops_corners, makhleb_heckhound_becter, st_stairs_5
D:6:      layout_gridville

Skill      XL: |  1  2  3  4  5  6  7  8 |
---------------+-------------------------+-----
Fighting       | 1 2 3 |  3.9
Spellcasting   | 2 |  2.0
Air Magic      | 1 2 3 |  3.1
Necromancy     | 1 |  1.4
Poison Magic   | 1 2 3 |  3.2
Polearms       | 1 |  1.5
Staves         | 6 7 |  7.6
Invocations    | 1 |  1.9
Short Blades   | |  0.4
Armour         | |  3.0
Dodging        | |  0.2
Stealth        | |  1.0
Transmutations | |  0.8

Action                   |  1- 3 |  4- 6 |  7- 9 || total
-------------------------+-------+-------+-------++-------
Melee: Quarterstaff      |    46 |   110 |   105 ||   261
       Short sword       |    20 |       |       ||    20
 Cast: Animate Skeleton  |       |     1 |     1 ||     2
       Poisonous Vapours |       |       |     2 ||     2
  Use: Scroll            |       |     6 |     4 ||    10
Armor: Scale mail        |    42 |       |       ||    42
       Ring mail         |       |    61 |    45 ||   106
       Leather armour    |       |     1 |       ||     1
Dodge: Dodged            |    37 |    76 |    47 ||   160

Table legend: (Time is in decaauts)
 A = Elapsed time spent in this place.
 B = Non-inter-level travel time spent in this place.
 C = Inter-level travel time spent in this place.
 D = Time resting spent in this place.
 E = Time spent auto-exploring this place.
 F = Levels seen in this place.
 G = Mean time per level.
                   A        B        C        D        E       F      G
               +--------+--------+--------+--------+--------+-----+--------+
         Total |   3901 |   2722 |   1179 |   1912 |      0 |   6 |  650.2 |
       Dungeon |   3901 |   2722 |   1179 |   1912 |      0 |   6 |  650.2 |
               +--------+--------+--------+--------+--------+-----+--------+

Top non-repeatable levels by time:
     D:5: 1111 daAuts
     D:4: 916 daAuts
     D:2: 761 daAuts
     D:3: 527 daAuts
     D:6: 300 daAuts
     D:1: 284 daAuts
